 Dungeon Crawl Stone Soup version 0.24-b1-44-g37ad8b309f (webtiles) character file.

Game seed: 862940387872027552, levelgen mode: deterministic

545 Mrkan the Skirmisher (level 7, -8/61 HPs)
             Began as a Minotaur Fighter on Oct 24, 2019.
             Splashed by Ijyb's acid (13 damage)
             ... on level 4 of the Dungeon.
             The game lasted 00:05:51 (2661 turns).

Mrkan the Skirmisher (Minotaur Fighter)             Turns: 2661, Time: 00:05:51

Health: -8/61      AC: 18    Str: 22    XL:     7   Next: 6%
Magic:  6/6        EV:  7    Int:  5    God:
Gold:   183        SH: 10    Dex: 10    Spells: 6/6 levels left

rFire    . . .     SeeInvis .   e - +2 flail (protect)
rCold    . . .     Gourm    .   c - +0 shield
rNeg     . . .     Faith    .   b - +0 scale mail
rPois    .         Spirit   .   (helmet restricted)
rElec    .         Reflect  .   o - +0 cloak
rCorr    .         Harm     .   k - +0 pair of gloves
MR       .....                  x - +0 pair of boots
Stlth    ..........             (no amulet)
HPRegen  0.20/turn              (no ring)
MPRegen  0.10/turn              (no ring)

@: protection aura
A: retaliatory headbutt, horns 2
a: no special abilities


You were on level 4 of the Dungeon.
You were not hungry.

You visited 1 branch of the dungeon, and saw 4 of its levels.
You also visited: Sewer.

You collected 183 gold pieces.

Inventory:

Hand Weapons
 a - a +0 war axe
 e - a +2 flail of protection (weapon)
Armour
 b - a +0 scale mail (worn)
 c - a +0 shield (worn)
 k - a +0 pair of gloves (worn)
 o - a +0 cloak (worn)
 x - a +0 pair of boots (worn)
Scrolls
 d - 2 scrolls of magic mapping {unknown}
 j - 3 scrolls of teleportation {unknown}
 l - 4 scrolls of blinking {unknown}
 m - 3 scrolls of fear {unknown}
 p - a scroll of identify {unknown}
 s - 2 scrolls of fog {unknown}
 u - a scroll of remove curse {unknown}
Potions
 g - a potion of might
 h - 4 potions of curing
 i - 2 potions of haste {unknown}
 n - 2 potions of flight {unknown}
 q - 3 potions of heal wounds {unknown}
 r - 2 potions of magic {unknown}
 t - a potion of lignification {unknown}
 w - a potion of degeneration {unknown}
Comestibles
 f - 4 rations


   Skills:
 + Level 5.4 Fighting
 - Level 2.9(4.4) Axes
 * Level 5.2(5.6) Maces & Flails
 + Level 5.3 Armour
 + Level 5.3 Shields


You had 6 spell levels left.
You didn't know any spells.
Your spell library was empty.

Dungeon Overview and Level Annotations

Branches:
Dungeon (4/15)              Sewer (visited)
 Temple: D:4-7

Altars:

Annotations:
D:4 Ijyb


Innate Abilities, Weirdness & Mutations

You reflexively headbutt those who attack you in melee.
You have a pair of horns on your head.


Message History

An orc comes into view. It is wielding a +0 club.
The iguana bites you but does no damage.
You closely miss the iguana.
The iguana is lightly wounded.
You block the iguana's attack.
You hit the iguana.
You headbutt the iguana, but do no damage.
The iguana is moderately wounded.
The iguana bites you but does no damage.
You hit the iguana.
The iguana is heavily wounded.
Ijyb zaps a wand.
The bolt of acid hits you!
You are splashed with acid!
* * * LOW HITPOINT WARNING * * *
The iguana barely misses you.
You sock the iguana!
You kill the iguana!
Ijyb zaps a wand.
The bolt of acid hits you but does no damage.
You are splashed with acid!
You die...

# ####.# #
...#.# #.
#.#....#...
#.#...(....
#...†......
#..@.......
#.....##.#.
#.g...#
#o#..##
.....#
.a..#.# ...
. .. ......
##


You could see Ijyb, a worker ant and an orc.

Vanquished Creatures
  The ghost of barb4r1an the Insei, an amateur OpTm (D:3)
  2 bullfrogs (Sewer)
  An iguana (D:4)
  A gnoll (D:1)
  13 adders
  A river rat (D:3)
  4 oozes
  3 worms
  2 dart slugs
  7 leopard geckos
  4 orcs (D:3)
  10 ball pythons
  7 giant cockroaches
  5 goblins
  9 hobgoblins
  2 quokkas
  3 bats
  6 frilled lizards
  8 kobolds
  32 rats
121 creatures vanquished.

Vanquished Creatures (others)
  A hobgoblin (D:1)
1 creature vanquished.

Grand Total: 122 creatures vanquished

Notes
Turn   | Place    | Note
-------+----------+-------------------------------------------
     0 | D:1      | Mrkan the Minotaur Fighter began the quest for the Orb.
     0 | D:1      | Reached XP level 1. HP: 19/19 MP: 0/0
     7 | D:1      | Reached XP level 2. HP: 12/27 MP: 1/1
   184 | D:1      | Reached skill level 1 in Maces & Flails
   322 | D:1      | Reached XP level 3. HP: 33/33 MP: 2/2
  1050 | D:2      | Reached XP level 4. HP: 39/40 MP: 3/3
  1656 | D:3      | Reached XP level 5. HP: 47/47 MP: 4/4
  1796 | D:3      | Found a glowing drain.
  1800 | Sewer    | Entered a sewer
  2099 | Sewer    | Reached XP level 6. HP: 13/55 MP: 5/5
  2107 | Sewer    | Reached skill level 5 in Fighting
  2107 | Sewer    | Reached skill level 5 in Armour
  2107 | Sewer    | Reached skill level 5 in Shields
  2438 | D:3      | Noticed barb4r1an's ghost (amateur OpTm)
  2441 | D:3      | Found a runed translucent door.
  2588 | D:3      | Killed barb4r1an's ghost
  2588 | D:3      | Reached skill level 5 in Maces & Flails
  2588 | D:3      | Reached XP level 7. HP: 61/61 MP: 6/6
  2655 | D:4      | Noticed Ijyb
  2661 | D:4      | Splashed by Ijyb's acid

Skill      XL: |  1  2  3  4  5  6 |
---------------+-------------------+-----
Maces & Flails | 1 2 3 4 5 |  5.2
Shields        | 4 5 |  5.3
Fighting       | 4 5 |  5.4
Armour         | 4 5 |  5.3
Axes           | |  2.9

Action                   |  1- 3 |  4- 6 |  7- 9 || total
-------------------------+-------+-------+-------++-------
Melee: War axe           |     2 |       |       ||     2
       Flail             |    57 |   178 |     6 ||   241
       Headbutt          |     2 |    23 |     2 ||    27
  Use: Potion            |       |     3 |       ||     3
  Eat: Chunk             |       |     6 |       ||     6
Armor: Scale mail        |    22 |   177 |     3 ||   202
Dodge: Dodged            |    15 |   120 |     1 ||   136
Block: Shield            |    29 |   148 |     2 ||   179
